 Dungeon Crawl Stone Soup version 0.30-a0-800-g7c544603b3 (webtiles) character file.

Game seed: 1093922235823668781

4243 Demosthentine the Trooper (level 10, -5/79 HPs)
             Began as a Demonspawn Gladiator on Feb 23, 2023.
             Was a Believer of Nemelex Xobeh.
             Killed from afar by a storm dragon (40 damage)
             ... with a bolt of lightning
             ... on level 8 of the Dungeon.
             The game lasted 00:08:43 (7693 turns).

Demosthentine the Trooper (Demonspawn Gladiator)    Turns: 7693, Time: 00:08:43

Health: -5/79      AC:  6    Str: 15    XL:     10   Next: 9%
Magic:  19/19      EV: 16    Int: 10    God:    Nemelex Xobeh [**....]
Gold:   850        SH:  9    Dex: 18    Spells: 9/9 levels left

rFire   . . .      SeeInvis .    a - +1 trident (freeze)
rCold   . . .      Faith    .    (no shield)
rNeg    . . .      Spirit   .    w - +3 leather armour {rPois}
rPois   +          Reflect  +    (helmet restricted)
rElec   .          Harm     .    (no cloak)
rCorr   .          Rampage  .    (no gloves)
Will    .....                    (no boots)
Stlth   +                        t - amulet of reflection
HPRegen 0.33/turn                p - ring of magical power
MPRegen 0.16/turn                (no ring)

@: no status effects
A: horns 2, large bone plates 1, foul stench 2, spiny 2
a: Renounce Religion, Draw Escape, Draw Destruction, Draw Summoning


You were on level 8 of the Dungeon.
You worshipped Nemelex Xobeh.
Nemelex Xobeh was pleased with you.
You visited 2 branches of the dungeon, and saw 9 of its levels.

You collected 850 gold pieces.

Inventory:

Hand Weapons
 a - a +1 trident of freezing (weapon)
Missiles
 d - 2 throwing nets (quivered)
 e - a javelin
Armour
 w - a +3 leather armour of poison resistance (worn)
 A - +0 steam dragon scales
Jewellery
 j - a ring of wizardry
 p - a ring of magical power (left hand)
 t - an amulet of reflection (around neck)
Wands
 x - a wand of mindburst (18)
Scrolls
 b - 3 scrolls of teleportation
 h - 3 scrolls of magic mapping
 l - a scroll of blinking
 q - 2 scrolls of poison
 y - a scroll of enchant armour
Potions
 c - 2 potions of brilliance
 f - 2 potions of cancellation
 g - a potion of magic
 i - a potion of mutation
 k - a potion of experience {unknown}
 m - a potion of resistance
 n - a potion of flight
 o - a potion of curing
 r - a potion of ambrosia
 s - a potion of berserk rage
 u - a potion of attraction {unknown}
 v - a potion of heal wounds {unknown}
 B - a potion of might


   Skills:
 + Level 7.6 Fighting
 + Level 7.3 Polearms
 - Level 1.7 Throwing
 + Level 6.5 Armour
 + Level 7.3 Dodging


You had 9 spell levels left.
You didn't know any spells.
Your spell library contained the following spells:

 Spells                   Type           Power      Damage    Failure   Level
 Inner Flame              Hex/Fire       0%         N/A       80%         3
 Cause Fear               Hex            0%         N/A       99%         4
 Petrify                  Tmut/Erth      0%         N/A       99%         4
 Metabolic Englaciation   Hex/Ice        0%         N/A       100%        5
 Summon Forest            Summ/Tloc      0%         N/A       100%        5
 Summon Mana Viper        Hex/Summ       0%         N/A       100%        5
 Statue Form              Tmut/Erth      0%         N/A       100%        6
 Summon Cactus Giant      Summ           0%         N/A       100%        6
 Discord                  Hex            0%         N/A       100%        8


Dungeon Overview and Level Annotations

Branches:
Dungeon (8/15)             Temple (1/1) D:4
   Lair: D:8-11

Altars:
Ashenzari
Cheibriados
Dithmenos
Fedhas
Gozag
Makhleb
Nemelex Xobeh
Okawaru
Ru
Trog
Wu Jian
Xom
Yredelemnul

Shops:
D:7 =

Portals:
Abyss: D:6

Annotations:
D:6 2 transporters, dialectric's ghost, novice GrFi
D:7 1 runed translucent door, sircluck's ghost, novice HOFi
D:8 Pikel


Innate Abilities, Weirdness & Mutations

You have a pair of horns on your head.
You are partially covered in large bone plates. (SH +4)
You sometimes emit foul miasma when damaged in melee.
You are mostly covered in sharp spines.


Message History

There is an open door here.
You now have 850 gold pieces (gained 11).
An acid dragon comes into view.
The acid dragon moves out of view.
Found a stone staircase leading up.
You reach to attack!
You puncture the acid dragon! You freeze the acid dragon.
The acid dragon is heavily wounded.
The acid dragon spits acid at you. The splash of acid hits you!!
You reach to attack!
You puncture the acid dragon! You freeze the acid dragon.
The acid dragon is almost dead.
You puncture the acid dragon! You freeze the acid dragon.
You kill the acid dragon!
No target in view!
No target in view!
No target in view!
A storm dragon is nearby!
A storm dragon is nearby!
A storm dragon is nearby!
You draw a card...
You have drawn the Storm.
A fierce wind blows from the card.
You hear mighty peals of thunder!
The storm dragon roars deafeningly!
You hear a shout! x4
You hear an angry buzzing noise. x2
You draw a card...
You have drawn the Cloud.
Clouds appear around you!
The storm dragon breathes lightning at you.
The bolt of lightning hits you!!
You hear a shout! x3
Found 14 gold pieces.
Pikel, Merchant of Souls comes into view.
He is wielding a +1 whip of flaming.
Pikel shouts!
A lemure comes into view.
A lemure comes into view. x2
The lemure moves out of view.
A lemure comes into view.
The lemure shouts!
The storm dragon breathes lightning at you.
The bolt of lightning hits you!!!
Ouch! That really hurt!
You die...
Your body glows slightly and disappears.

#########..
#.......#..
#.......55 #....$..#
#...<.5.###
#....K.....
#.......... ..
#..@....... ....
#..........
....#######..........
#...§§..D...######..
#...§§......# .
#...§§§§....#
#...§.......#
+...§.§.....+
#...........#


You could see a storm dragon (catching breath), Pikel and 3 lemures.

Vanquished Creatures
  A minotaur (D:8)
  The ghost of oldplebian the Cudgeller, an amateur MiBe of Trog (D:4)
  A wyvern (D:7)
  A yak (D:7)
  3 steam dragons (D:7)
  An acid dragon (D:8)
  A water moccasin (D:7)
  A swamp drake (D:7)
  2 black bears
  4 ice beasts
  An orc warrior (D:7)
  An ogre (D:6)
  A phantom (D:7)
  2 kobold brigands
  Blork the orc (D:4)
  3 necrophages
  2 wights (D:7)
  6 killer bees (D:7)
  3 howler monkeys (D:7)
  6 hounds
  An orc priest (D:4)
  A jelly (D:7)
  Natasha (D:2)
  3 iguanas
  5 orc wizards
  2 hell rats (D:8)
  Robin (D:4)
  8 adders
  A shadow imp (D:7)
  A white imp (D:6)
  An ufetubus (D:7)
  21 orcs
  4 ball pythons
  6 endoplasms
  2 giant cockroaches (D:3)
  11 goblins
  10 hobgoblins
  2 jackals (D:1)
  3 quokkas
  4 bats
  3 frilled lizards
  14 kobolds
  4 rats
151 creatures vanquished.

Notes
Turn   | Place    | Note
-------+----------+-------------------------------------------
     0 | D:1      | Demosthentine the Demonspawn Gladiator began the quest for
                  | the Orb.
     0 | D:1      | Reached XP level 1. HP: 16/16 MP: 1/1
   282 | D:1      | Gained mutation: You have a pair of small horns on your
                  | head. [demonic ancestry]
   282 | D:1      | Reached XP level 2. HP: 15/22 MP: 2/2
  1276 | D:2      | Found a shadowy altar of Dithmenos.
  1280 | D:2      | Reached skill level 1 in Armour
  1280 | D:2      | Gained mutation: You are partially covered in sharp spines.
                  | [demonic ancestry]
  1280 | D:2      | Reached XP level 3. HP: 28/28 MP: 3/3
  1536 | D:2      | Noticed Natasha
  1541 | D:2      | Killed Natasha
  1542 | D:2      | Gained mutation: You are partially covered in large bone
                  | plates. (SH +4) [demonic ancestry]
  1542 | D:2      | Reached XP level 4. HP: 23/34 MP: 4/4
  3106 | D:3      | Gained mutation: You are mostly covered in sharp spines.
                  | [demonic ancestry]
  3106 | D:3      | Reached XP level 5. HP: 32/41 MP: 5/5
  3341 | D:4      | Identified the +9 long sword "Ysaergh" {heavy, rElec Dex+3}
  3383 | D:4      | Reached XP level 6. HP: 27/47 MP: 6/6
  3520 | D:4      | Noticed Blork the orc
  3539 | D:4      | Killed Blork the orc
  3577 | D:4      | Noticed Robin
  3626 | D:4      | Killed Robin
  3701 | D:4      | Found a runed translucent door.
  3701 | D:4      | Noticed oldplebian's ghost (amateur MiBe)
  3751 | D:4      | Found a staircase to the Ecumenical Temple.
  3928 | D:4      | Found a burning altar of Makhleb.
  3935 | D:4      | Found a bloodstained altar of Trog.
  4059 | Temple   | Entered the Ecumenical Temple
  4066 | Temple   | Became a worshipper of Nemelex Xobeh the Trickster
  4121 | D:4      | Killed oldplebian's ghost
  4122 | D:4      | Gained mutation: You have a pair of horns on your head.
                  | [demonic ancestry]
  4122 | D:4      | Reached XP level 7. HP: 18/55 MP: 7/7
  4185 | D:5      | Entered Level 5 of the Dungeon
  4451 | D:5      | Found an iron altar of Okawaru.
  4944 | D:6      | Reached * piety under Nemelex Xobeh
  5121 | D:6      | Noticed a rakshasa
  5125 | D:6      | Found a one-way gate to the infinite horrors of the Abyss.
  5125 | D:6      | Noticed dialectric's ghost (novice GrFi)
  5131 | D:6      | Noticed an ancient zyme
  5132 | D:6      | Noticed a small abomination
  5152 | D:6      | Reached skill level 5 in Polearms
  5219 | D:6      | Found a transporter.
  5233 | D:6      | Found a transporter.
  5345 | D:6      | Reached skill level 5 in Fighting
  5345 | D:6      | Reached skill level 5 in Dodging
  5345 | D:6      | Gained mutation: You may rarely emit foul miasma when
                  | damaged in melee. [demonic ancestry]
  5345 | D:6      | Reached XP level 8. HP: 56/62 MP: 8/8
  5528 | D:6      | Received a gift from Nemelex Xobeh
  6122 | D:7      | Found a runed translucent door.
  6122 | D:7      | Reached ** piety under Nemelex Xobeh
  6123 | D:7      | Found a shimmering altar of Xom.
  6123 | D:7      | Noticed sircluck's ghost (novice HOFi)
  6124 | D:7      | Noticed a +2 mace of chaos
  6220 | D:7      | Reached skill level 5 in Armour
  6357 | D:7      | Found Kuinkoh's Jewellery Shoppe.
  6486 | D:7      | Reached XP level 9. HP: 56/69 MP: 9/9
  7118 | D:7      | Received a gift from Nemelex Xobeh
  7447 | D:8      | Noticed a death yak
  7447 | D:8      | Noticed a death yak
  7451 | D:8      | a death yak changed into a minotaur
  7451 | D:8      | Noticed a minotaur
  7451 | D:8      | a death yak changed into a storm dragon
  7451 | D:8      | Noticed a storm dragon
  7451 | D:8      | Noticed a death yak
  7452 | D:8      | Killed a minotaur
  7453 | D:8      | Gained mutation: You sometimes emit foul miasma when
                  | damaged in melee. [demonic ancestry]
  7453 | D:8      | Reached XP level 10. HP: 43/79 MP: 10/10
  7691 | D:8      | Noticed Pikel
  7693 | D:8      | Killed from afar by a storm dragon

Illustrated notes

Levels and vault maps discovered:
D:1:      dpeg_arrival_simpleton_c, layout_basic
D:2:      layout_loops_corners, basic_altar, uniq_natasha
D:3:      layout_basic
D:4:      layout_rooms, nicolae_overflow_squiral,
          minmay_temple_entry_butterflies, hellmonk_ghost_happy_afterlife,
          dk_noncrumbling_3, minmay_misc_feat_roman, fountainhead,
          uniq_blork_the_orc, uniq_robin
D:5:      layout_loops_ring, kennysheep_little_box
D:6:      layout_basic, mainiacjoe_overflow_brackets,
          gammafunk_ghost_abyssal_escape
D:7:      minmay_polygon_palace, layout_cave_pools, serial_shops,
          kennysheep_mini, ebering_ghost_xom
D:8:      layout_gridville, kennysheep_mini_moat,
          mainiacjoe_overflow_six_doors_small, lemuel_tele_altar,
          dpeg_lair_monsters, uniq_pikel, uniq_erica
Temple:   cyrus_circular_temple

Skill      XL: |  1  2  3  4  5  6  7  8  9 |
---------------+----------------------------+-----
Polearms       | 3 4 5 6 7 |  7.3
Dodging        | 3 4 5 6 7 |  7.3
Armour         | 1 2 3 5 6 |  6.5
Fighting       | 3 4 5 6 7 |  7.6
Throwing       | |  1.7

Action                     |  1- 3 |  4- 6 |  7- 9 | 10-12 || total
---------------------------+-------+-------+-------+-------++-------
  Melee: Trident           |    82 |   136 |   214 |     3 ||   435
         Headbutt          |     9 |    11 |    37 |       ||    57
         Punch             |       |       |     3 |       ||     3
  Throw: Throwing net      |       |     1 |       |       ||     1
 Invoke: Draw Destruction  |       |       |     6 |     1 ||     7
         Draw Escape       |       |       |       |     1 ||     1
    Use: Scroll            |     2 |     5 |     8 |       ||    15
         Potion            |       |     2 |     5 |       ||     7
   Stab: Sleeping          |     3 |     5 |     2 |       ||    10
         Distracted        |       |       |     1 |       ||     1
 Armour: Leather armour    |    19 |    39 |    27 |       ||    85
  Dodge: Dodged            |    54 |    62 |    73 |       ||   189
  Block: Other             |       |    12 |    66 |       ||    78
         Reflection        |       |       |     4 |       ||     4

Table legend: (Time is in decaauts)
 A = Elapsed time spent in this place.
 B = Non-inter-level travel time spent in this place.
 C = Inter-level travel time spent in this place.
 D = Time resting spent in this place.
 E = Time spent auto-exploring this place.
 F = Levels seen in this place.
 G = Mean time per level.
                   A        B        C        D        E       F      G
               +--------+--------+--------+--------+--------+-----+--------+
         Total |   7748 |   7523 |    225 |    658 |   5694 |   9 |  860.9 |
       Dungeon |   7733 |   7509 |    224 |    658 |   5694 |   8 |  966.6 |
        Temple |     14 |     14 |      0 |      0 |      0 |   1 |   14.0 |
               +--------+--------+--------+--------+--------+-----+--------+

Top non-repeatable levels by time:
     D:7: 1527 daAuts
     D:1: 1213 daAuts
     D:6: 1173 daAuts
     D:3: 1164 daAuts
     D:2: 945 daAuts
     D:4: 889 daAuts
     D:5: 733 daAuts
     D:8: 86 daAuts
  Temple: 14 daAuts
